AoeStats
← RagnarLothbrok

Nomad

510221031Analyzed
4v4 RM · 2d ago on Sep 30, 2026· 53m 48s· 8 players
Game mode
Random Map
Map size
231×231
Population
200
Speed
Normal
Resources
Standard
Victory
Conquest
Starting age
Dark Age
Ending age
Imperial Age
RankedLock teamsTeams togetherTeam positionsShared explorationLock speedFull tech treeHidden civsTurbo modeCheats
Victory
Defeat
🇦🇷 Italians · Argentina
1268
+16
🇦🇷 Byzantines · Argentina
1262
+16
🇦🇷 Persians · Argentina
1241
+17
🇦🇷 Huns · Argentina
1186
+18
🇻🇪 Varangians · Venezuela
1294
-18
🇺🇸 Wei · United States
1291
-18
🇹🇷 Vikings · Türkiye
1232
-16
🇹🇷 Persians · Türkiye
1210
-15
Chayeli
6:51 Loom
15:17 Feudal Age
25:05 Castle Age
26:10 Fletching
25:42 Crossbowman
26:23 Padded Archer Armor
26:22 Town Watch
29:29 Bodkin Arrow
29:49 Leather Archer Armor
33:32 Double-Bit Axe
34:45 Gold Mining
34:46 Stone Mining
35:12 Bow Saw
40:22 Imperial Age
42:57 Chemistry
43:41 Gold Shaft Mining
42:56 Stone Mining
44:00 Ballistics
44:13 Bracer
44:20 Arbalester
48:15 Town Patrol
50:47 Ring Archer Armor
50:31 Forging
50:22 Scale Mail Armor
52:09 Masonry
51:55 Murder Holes
52:01 Chieftains
52:02 Bogsveigar
52:22 Conscription
Peppyzizzle25
5:29 Loom
14:40 Feudal Age
17:53 Stone Mining
20:55 Castle Age
18:48 Double-Bit Axe
20:03 Gold Mining
23:19 Wheelbarrow
25:09 Hand Cart
28:42 Gold Shaft Mining
33:49 Imperial Age
33:40 Forging
34:22 Scale Barding Armor
34:58 Conscription
36:45 Iron Casting
38:36 Chain Barding Armor
38:37 Elite Skirmisher
39:23 Thumb Ring
42:06 Blast Furnace
41:06 Scale Mail Armor
41:03 Fletching
41:45 Bodkin Arrow
42:21 Ballistics
43:15 Bracer
44:37 Padded Archer Armor
44:53 Chain Mail Armor
50:28 Pikeman
51:09 Squires
51:46 Leather Archer Armor
Crucio
12:52 Feudal Age
15:36 Double-Bit Axe
17:13 Bloodlines
16:53 Fishing Lines
18:39 Scale Barding Armor
19:01 Horse Collar
20:39 Forging
21:48 Wheelbarrow
26:18 Castle Age
27:22 Hand Cart
26:29 Light Cavalry
27:09 Husbandry
27:47 Gillnets
29:42 Iron Casting
33:20 Chain Barding Armor
37:32 Bow Saw
37:24 Heavy Plow
38:57 Masonry
38:38 Heated Shot
38:58 Masonry
38:38 Heated Shot
40:53 Gold Mining
43:54 Imperial Age
41:55 Stone Mining
42:46 Gold Shaft Mining
45:17 Blast Furnace
44:52 Plate Barding Armor
45:20 Chemistry
43:53 Heavy Camel Rider
46:26 Hussar
48:41 Stone Shaft Mining
RagnarLothbrok
11:31 Loom
15:21 Feudal Age
19:24 Castle Age
17:50 Double-Bit Axe
17:59 Horse Collar
19:12 Scale Mail Armor
JDR.Stream
4:57 Loom
15:00 Feudal Age
18:56 Castle Age
17:12 Fletching
18:05 Double-Bit Axe
19:05 Stone Mining
21:42 Bodkin Arrow
23:02 Padded Archer Armor
32:49 Gold Mining
34:07 Leather Archer Armor
36:26 Town Watch
37:10 Ballistics
38:49 Bow Saw
42:30 Imperial Age
41:58 Scale Mail Armor
42:09 Forging
42:13 Squires
42:26 Arson
45:41 Chemistry
45:34 Chain Mail Armor
47:47 Iron Casting
47:42 Bracer
50:50 Ring Archer Armor
50:56 Iron Casting
L`Hopital
6:48 Loom
15:13 Feudal Age
16:53 Fletching
18:29 Double-Bit Axe
28:40 Horse Collar
38:15 Town Watch
41:12 Castle Age
40:42 Gold Mining
42:38 Medium Warships
43:20 Bow Saw
48:28 Wheelbarrow
50:38 Scale Barding Armor
52:07 Forging
[90M] Hate The Game
7:52 Loom
15:59 Feudal Age
16:47 Double-Bit Axe
22:23 Castle Age
20:25 Horse Collar
21:25 Scale Barding Armor
21:44 Gold Mining
21:44 Stone Mining
24:12 Wheelbarrow
26:52 Forging
28:36 Gold Shaft Mining
29:13 Husbandry
29:31 Bow Saw
29:22 Heavy Plow
29:58 Stone Shaft Mining
33:55 Imperial Age
32:53 Iron Casting
32:10 Pikeman
33:20 Scale Mail Armor
33:57 Capped Ram
35:11 Chain Barding Armor
38:16 Chain Mail Armor
38:16 Heavy Camel Rider
41:53 Ballistics
44:40 Chemistry
45:41 Fletching
52:25 Crop Rotation
51:33 Light Cavalry
SHAKIRA THE QUEEN
6:16 Loom
15:36 Feudal Age
19:49 Castle Age
17:56 Double-Bit Axe
18:46 Stone Mining
20:34 Bow Saw
24:00 Wheelbarrow
23:15 Horse Collar
28:36 Bloodlines
29:02 Fishing Lines
30:48 Gillnets
31:48 Scale Barding Armor
33:23 Fletching
34:47 Gold Mining
35:43 Heavy Plow
37:32 Crossbowman
38:09 Fletching
39:06 Chain Barding Armor
39:24 Forging
40:12 Gold Shaft Mining
39:59 Padded Archer Armor
43:14 Imperial Age
41:02 Hand Cart
40:33 Town Watch
41:17 Kamandaran
41:24 Husbandry
41:55 Leather Archer Armor
42:34 Ballistics
42:24 Thumb Ring
42:36 Bodkin Arrow
44:39 Two-Man Saw
43:53 Heavy Camel Rider
45:47 Plate Barding Armor
46:06 Conscription
46:58 Iron Casting
47:07 Ring Archer Armor
46:51 Light Cavalry
50:15 Hussar
52:04 Crop Rotation
54:48 Stone Shaft Mining
Connection lost

Rejoining the realm…

Still unreachable

The connection could not be restored.

Session expired

The server has moved on; the page needs a fresh start.